Map: Proxima Station LE

Players

uThermal - Winner!

  • Race: Terran Terran
  • Spawn Location: 1:00

ShaDoWn

  • Race: Protoss Protoss
  • Spawn Location: 7:00

Event: WCS Jonkoping 2017

VOD

Have the link to the VOD?

Description

Time

  • Played on: June 17, 2017, 10:04 a.m.
  • Length: 12:06

All games in this series

Show
View Real Time Build Order
Export as new Build Order

uThermal Terran - Winner!

Build Orders: MMM Bio 

Get SALT Encoding   

  12  0:02  SCV  
  13  0:14  SCV  
  14  0:19  Supply Depot  
  14  0:26  SCV  
  15  0:40  SCV  
  15  0:42  Barracks  
  16  0:45  Refinery  
  16  0:53  SCV  
  17  1:05  SCV  
  18  1:17  SCV  
  19  1:29  Marine, Orbital Command  
  20  1:41  Command Center  
  20  1:54  SCV  
  20  1:57  Factory  
  21  2:04  Barracks Reactor  
  21  2:07  SCV  
  22  2:14  Supply Depot  
  22  2:19  SCV  
  23  2:36  SCV  
  24  2:37  Refinery  
  24  2:41  Marine  
  24  2:42  Marine, Starport  
  26  2:48  SCV  
  26  2:50  Widow Mine  
  29  2:53  Orbital Command  
  29  2:59  Marine x2  
  29  3:00  SCV  
  32  3:12  SCV  
  33  3:20  SCV  
  33  3:21  Marine x2  
  33  3:22  Medivac  
  33  3:24  SCV  
  39  3:29  Supply Depot  
  39  3:32  SCV  
  39  3:33  Cyclone  
  43  3:37  SCV  
  43  3:39  Marine x2  
  46  3:46  Supply Depot  
  46  3:50  SCV x2  
  46  3:55  Viking  
  50  4:02  SCV x2  
  52  4:08  Supply Depot  
  52  4:14  SCV x2  
  52  4:15  Marine  
  54  4:18  Factory Tech Lab  
  54  4:21  Supply Depot  
  54  4:23  Marine, Refinery  
  55  4:26  Viking  
  55  4:27  SCV x2  
  59  4:36  Marine  
  61  4:38  Siege Tank  
  61  4:39  SCV x2  
  61  4:41  Marine  
  64  4:51  SCV x2  
  66  4:54  Marine  
  66  4:59  Marine  
  67  5:03  SCV x2  
  61  5:10  Starport Tech Lab  
  61  5:11  Command Center  
  61  5:12  Marine  
  62  5:15  SCV x2  
  62  5:16  Siege Tank  
  62  5:17  Marine  
  68  5:27  SCV, Barracks  
  68  5:28  Barracks  
  68  5:30  SCV, Raven  
  68  5:31  Marine  
  68  5:34  Marine  
  73  5:39  SCV  
  74  5:44  SCV, Engineering Bay  
  74  5:49  Marine  
  71  5:51  SCV  
  71  5:52  Marine  
  71  5:56  SCV  
  74  6:00  Engineering Bay  
  74  6:01  Refinery  
  74  6:03  SCV  
  75  6:06  Marine  
  75  6:08  SCV  
  75  6:10  Marine  
  78  6:11  Factory Reactor  
  78  6:23  SCV x2  
  78  6:24  Marine  
  81  6:26  Combat Shields  
  81  6:27  Stimpack, Marine x2, Starport Reactor  
  81  6:28  Orbital Command, Marine  
  81  6:30  Supply Depot  
  84  6:33  Terran Infantry Armor Level 1, Terran Infantry Weapons Level 1, Supply Depot  
  84  6:35  SCV  
  84  6:38  SCV  
  84  6:39  Missile Turret  
  86  6:40  Missile Turret  
  86  6:47  SCV  
  86  6:48  Widow Mine x2  
  86  6:50  SCV, Marine  
  86  6:51  Marine  
  94  6:59  SCV  
  95  7:02  SCV  
  95  7:04  Orbital Command  
  95  7:05  Marine  
  95  7:06  Marauder  
  95  7:08  Marine  
  100  7:10  Barracks x2  
  100  7:11  SCV, Marine  
  100  7:14  SCV  
  103  7:17  Widow Mine x2  
  107  7:23  Supply Depot  
  107  7:24  Supply Depot  
  107  7:25  Medivac  
  108  7:31  Marine  
  109  7:40  Supply Depot  
  109  7:44  Marine x3, Medivac, SCV x2  
  109  7:46  Armory  
  109  7:48  Supply Depot  
  109  7:50  Widow Mine x2, Supply Depot  
  120  7:55  Medivac  
  122  7:59  Barracks Reactor, Barracks Tech Lab  
  122  8:02  Marine  
  122  8:03  Marauder  
  122  8:04  Supply Depot  
  125  8:12  Barracks  
  125  8:14  Marine, Barracks x2  
  125  8:15  Marauder  
  125  8:17  Medivac  
  125  8:19  Marine  
  131  8:20  Marine  
  131  8:23  Marine  
  131  8:25  Medivac  
  131  8:26  Ghost Academy  
  134  8:32  Marine  
  135  8:35  Concussive Shells  
  135  8:36  Marine  
  135  8:37  Marauder, Marine  
  135  8:38  Marine  
  140  8:47  Marine  
  143  8:49  Terran Infantry Weapons Level 2  
  143  8:51  Marine, Supply Depot x2  
  143  8:52  Supply Depot  
  146  8:58  Ghost  
  144  9:03  Barracks Tech Lab x2  
  144  9:04  Marine  
  144  9:05  Marauder x2, Marine  
  144  9:06  Marine, Command Center  
  144  9:09  Marine x2  
  153  9:17  Supply Depot x2  
  153  9:21  Marine  
  153  9:22  Marauder, Marine x2  
  158  9:24  Marine  
  158  9:26  Marauder x2  
  158  9:27  Marine  
  158  9:28  Supply Depot  
  158  9:31  Terran Infantry Armor Level 2  
  164  9:32  Marine x2  
  166  9:39  Marine  
  166  9:40  Marine x2  
  166  9:43  Marauder, Marine  
  166  9:44  Marine  
  173  9:47  Marine  
  173  9:48  Marauder, Refinery  
  173  9:50  Marine  
  173  9:51  Marauder  
  179  9:57  Marine  
  179  9:58  Marine x2  
  182  10:02  Marine  
  182  10:05  Marauder  
  182  10:06  Marauder  
  187  10:09  Marauder  
  187  10:12  Marine x2  
  187  10:13  Marauder  
  193  10:15  Marauder  
  193  10:21  Marine  
  195  10:26  Marauder  
  194  10:29  Marine  
  194  10:30  Marauder  
  194  10:38  Marauder, Marine x2  
  196  10:43  Marauder, Marine x2  
  200  10:56  Marine x2  
  200  10:59  Marine x2  
  193  11:04  Marine x2  
  193  11:05  Marauder x2, Marine  
  193  11:06  Marauder  
  199  11:12  Planetary Fortress  
  199  11:13  Marine  
  199  11:14  Missile Turret  
  200  11:21  Marine  
  200  11:25  Marine  
  184  11:26  Marauder  
  183  11:32  Marine  
  183  11:33  Marauder x2, Marine  
  183  11:34  Marauder, Marine  
  183  11:38  Marine  
  183  11:39  Marine  
  189  11:43  Marine  
Show
View Real Time Build Order
Export as new Build Order

ShaDoWn Protoss 

Build Orders: 1 Gate Expand, Oracle Opening, Phoenix Opening 

Get SALT Encoding   

  12  0:01  Probe (Chrono Boost)  
  13  0:11  Probe (Chrono Boost)  
  14  0:17  Pylon  
  14  0:22  Probe (Chrono Boost)  
  16  0:35  Probe (Chrono Boost)  
  16  0:36  Gateway  
  16  0:42  Assimilator  
  16  0:46  Probe (Chrono Boost)  
  17  0:57  Probe (Chrono Boost)  
  18  1:07  Probe (Chrono Boost)  
  19  1:19  Nexus  
  19  1:22  Probe (Chrono Boost)  
  20  1:31  Cybernetics Core  
  20  1:35  Probe (Chrono Boost)  
  20  1:39  Assimilator  
  21  1:46  Probe (Chrono Boost)  
  22  1:50  Pylon  
  22  1:57  Probe (Chrono Boost)  
  22  1:58  Assimilator  
  22  2:07  Probe (Chrono Boost)  
  23  2:08  Adept  
  23  2:10  Warp Gate  
  25  2:18  Probe (Chrono Boost)  
  26  2:28  Probe (Chrono Boost)  
  26  2:29  Stargate  
  27  2:31  Probe (Chrono Boost)  
  28  2:39  Probe (Chrono Boost)  
  28  2:42  Probe (Chrono Boost)  
  30  2:50  Mothership Core (Chrono Boost)  
  32  2:52  Probe (Chrono Boost)  
  33  3:00  Assimilator  
  33  3:03  Probe (Chrono Boost)  
  34  3:08  Probe (Chrono Boost)  
  34  3:12  Probe (Chrono Boost)  
  35  3:14  Oracle (Chrono Boost)  
  35  3:19  Probe  
  40  3:20  Gateway  
  40  3:21  Gateway  
  40  3:22  Probe  
  41  3:31  Probe  
  41  3:32  Pylon  
  41  3:33  Probe  
  43  3:43  Probe  
  43  3:44  Probe  
  43  3:46  Pylon  
  45  3:50  Phoenix (Chrono Boost)  
  45  3:54  Probe  
  47  3:55  Probe  
  49  4:05  Probe  
  49  4:08  Probe  
  51  4:15  Nexus  
  48  4:18  Stalker x2  
  52  4:24  Stalker  
  52  4:27  Oracle (Chrono Boost)  
  57  4:36  Probe  
  56  4:42  Adept x2  
  56  4:43  Pylon  
  60  4:48  Stalker  
  60  4:51  Probe  
  62  4:53  Pylon  
  62  4:56  Assimilator  
  62  4:59  Probe  
  57  5:08  Probe  
  57  5:14  Robotics Facility, Phoenix (Chrono Boost)  
  60  5:15  Probe  
  60  5:20  Sentry, Adept x2  
  67  5:22  Nexus  
  67  5:25  Probe, Pylon  
  68  5:32  Probe  
  69  5:37  Probe  
  69  5:39  Phoenix (Chrono Boost)  
  69  5:42  Probe  
  72  5:49  Probe  
  74  5:53  Probe  
  74  5:56  Forge, Zealot, Twilight Council  
  74  5:57  Zealot  
  79  5:58  Pylon  
  79  6:01  Probe  
  79  6:02  Observer  
  81  6:08  Probe, Phoenix (Chrono Boost)  
  84  6:15  Probe  
  84  6:17  Zealot  
  87  6:19  Probe  
  87  6:23  Pylon  
  87  6:25  Protoss Ground Armor Level 1 (Chrono Boost)  
  88  6:27  Probe, Immortal  
  88  6:29  Probe  
  94  6:33  Charge (Chrono Boost)  
  94  6:48  Gateway  
  94  6:49  Gateway  
  94  6:51  Gateway x2  
  94  6:58  Probe x3  
  94  7:01  Assimilator  
  94  7:04  Forge  
  94  7:05  Pylon, Assimilator  
  94  7:07  Oracle  
  97  7:11  Probe x3  
  97  7:12  Warp Prism  
  97  7:15  Robotics Facility  
  102  7:23  Probe x2  
  102  7:26  Robotics Bay  
  105  7:31  Protoss Ground Weapons Level 1 (Chrono Boost)  
  100  7:45  Probe x2  
  102  7:57  Nexus  
  101  8:08  Gateway  
  101  8:10  Pylon, Gateway  
  101  8:11  Pylon  
  101  8:12  Pylon, Colossus  
  101  8:17  Protoss Ground Armor Level 2 (Chrono Boost)  
  101  8:18  Blink (Chrono Boost)  
  107  8:21  Disruptor  
  110  8:34  Zealot, Stalker x2  
  112  8:35  Zealot x3  
  122  8:43  Pylon  
  120  8:55  Stargate  
  120  8:56  Warp Prism  
  120  9:01  Colossus  
  122  9:05  Protoss Ground Weapons Level 2  
  122  9:06  Probe  
  122  9:07  Probe  
  122  9:09  Probe  
  130  9:10  Probe  
  132  9:30  Probe x4  
  135  9:32  Colossus  
  135  9:33  Photon Cannon  
  135  9:35  Photon Cannon  
  135  9:37  Photon Cannon, Fleet Beacon  
  142  9:42  Probe  
  143  9:47  Colossus  
  143  9:58  Zealot, Stalker x2  
  152  10:11  Pylon  
  152  10:12  Pylon  
  152  10:14  Pylon  
  152  10:16  Stalker x3  
  152  10:20  Stalker x2  
  161  10:29  Colossus  
  158  10:35  Stalker  
  149  10:47  Zealot x2  
  149  10:48  Zealot x3  
  150  10:52  Probe  
  150  10:53  Probe  
  150  10:54  Probe x2  
  149  11:01  Stalker  
  149  11:03  Probe  
  135  11:06  Probe  
  135  11:08  Probe  
  131  11:13  Probe  
  131  11:14  Stalker x4  
  131  11:15  Stalker  
  129  11:27  Disruptor  
  124  11:36  Probe, Photon Cannon  
  124  11:39  Sentry x4  
  113  11:49  Probe  
  88  11:58  Zealot  
  82  12:03  Zealot  
  82  12:04  Zealot x2  
Tags
 
Add a new tag
Caveats
  • Supply blocks, unpowered buildings, or Contaminate may cause inaccurate times.
  • Supply counts are checked every 10 seconds.